 Dungeon Crawl Stone Soup version 0.29.1-12-g30fa7ad0bf (webtiles) character file.

Game seed: 5188301905861240850

43 soggyman666 the Chopper (level 3, -3/31 HPs)
             Began as a Minotaur Fighter on Dec 28, 2022.
             Killed from afar by Sigmund (9 damage)
             ... with a puff of flame
             ... on level 2 of the Dungeon.
             The game lasted 00:02:00 (1100 turns).

soggyman666 the Chopper (Minotaur Fighter)          Turns: 1100, Time: 00:02:01

Health: -3/31      AC:  6    Str: 22    XL:     3   Next: 37%
Magic:  2/2        EV:  9    Int:  5    God:
Gold:   79         SH:  4    Dex:  9    Spells: 2/2 levels left

rFire   . . .      SeeInvis .   a - +0 war axe
rCold   . . .      Faith    .   c - +0 buckler
rNeg    . . .      Spirit   .   b - +0 scale mail
rPois   .          Reflect  .   (helmet restricted)
rElec   .          Harm     .   (no cloak)
rCorr   .          Rampage  .   (no gloves)
Will    .....                   (no boots)
Stlth   ..........              (no amulet)
HPRegen 0.10/turn               (no ring)
MPRegen 0.08/turn               (no ring)

@: mighty
A: horns 2, retaliatory headbutt
a: no special abilities


You were on level 2 of the Dungeon.
You visited 1 branch of the dungeon, and saw 2 of its levels.

You collected 79 gold pieces.

Inventory:

Hand Weapons
 a - a +0 war axe (weapon)
Armour
 b - a +0 scale mail (worn)
 c - a +0 buckler (worn)
Scrolls
 f - a scroll of immolation {unknown}
 h - 2 scrolls of teleportation {unknown}
Potions
 d - 2 potions of might
 e - a potion of resistance {unknown}
 g - a potion of ambrosia {unknown}
 i - a potion of attraction {unknown}
 j - a potion of curing {unknown}


   Skills:
 - Level 3.6 Fighting
 + Level 4.7 Axes
 - Level 3.6 Armour
 - Level 3.6 Shields


You had 2 spell levels left.
You didn't know any spells.
Your spell library was empty.

Dungeon Overview and Level Annotations

Branches:
Dungeon (2/15)

Altars:

Annotations:
D:2 Sigmund


Innate Abilities, Weirdness & Mutations

You have a pair of horns on your head.
You reflexively headbutt those who attack you in melee.


Message History

You kill the endoplasm!
HP restored.
You now have 79 gold pieces (gained 9).
An adder comes into view.
The adder hisses angrily.
Sigmund the Dreaded comes into view.
He is wielding a +0 scythe.
There are monsters nearby!
There are monsters nearby!
You closely miss the adder. The adder bites you but does no damage.
Sigmund hits you from afar with a +0 scythe.
There are monsters nearby!
There are monsters nearby!
You miss the adder. The adder bites you but does no damage.
The adder bites you.
You are poisoned.
The adder poisons you!
Sigmund is suddenly surrounded by pale blue light.
Sigmund hits you from afar with a +0 scythe.
You closely miss the adder.
You feel sick. The adder closely misses you. You furiously retaliate!
You headbutt the adder!
You kill the adder!
Found a fizzy black potion.
You feel sick. Sigmund hits you with a +0 scythe!
* * * LOW HITPOINT WARNING * * *
You see here an adder corpse.
You are too injured to fight recklessly!
You are too injured to fight recklessly!
You feel very mighty all of a sudden.
You feel sick. Sigmund hits you but does no damage.
You are too injured to fight recklessly!
You are too injured to fight recklessly!
You are too injured to fight recklessly!
You are too injured to fight recklessly!
You are too injured to fight recklessly!
You slice Sigmund!!
Sigmund is severely wounded.
You feel sick.
You are no longer poisoned.
Sigmund gestures at you while chanting. The puff of flame hits you!
You die...

.....# #.# #.#.#
.†.#.###.## #.#.#
.#........####.#.#
.............#.#.#
...#.#######...#.#
# ##.#.#
######..#.#.# .# #
#.........#.#####
.#
#.#######........
#@.!...##
#@.......
.......##
........#
....?.#.##
..........#
.....###++##
....!.


You could see Sigmund.

Vanquished Creatures
  2 adders (D:2)
  A worm (D:2)
  A dart slug (D:1)
  3 bats (D:1)
  2 endoplasms
  A giant cockroach (D:1)
  A goblin (D:1)
  2 hobgoblins (D:1)
  2 quokkas (D:1)
  2 ball pythons (D:1)
  A frilled lizard (D:1)
  2 rats (D:1)
20 creatures vanquished.

Notes
Turn   | Place    | Note
-------+----------+-------------------------------------------
     0 | D:1      | soggyman666 the Minotaur Fighter began the quest for the
                  | Orb.
     0 | D:1      | Reached XP level 1. HP: 19/19 MP: 0/0
    34 | D:1      | Reached skill level 3 in Axes
   158 | D:1      | Reached XP level 2. HP: 24/26 MP: 1/1
   867 | D:2      | Reached skill level 4 in Axes
   960 | D:2      | Reached XP level 3. HP: 31/31 MP: 2/2
  1093 | D:2      | Noticed Sigmund
  1100 | D:2      | Killed from afar by Sigmund

Illustrated notes

Levels and vault maps discovered:
D:1:      reono_arrival_mine, layout_basic, minmay_misc_feat_rows
D:2:      layout_basic, kennysheep_generic_room_12, uniq_sigmund

Skill      XL: |  1  2 |
---------------+-------+-----
Axes           | 3 4 |  4.7
Fighting       | |  3.6
Armour         | |  3.6
Shields        | |  3.6

Action                   || total
-------------------------++-------
Melee: War axe           ||    43
       Headbutt          ||     5
  Use: Potion            ||     1
Armor: Scale mail        ||    18
Dodge: Dodged            ||    14
Block: Buckler           ||     8
